cohdb
Replays
Latest Replays
All Replays
Popular Replays
Top Player Replays
Match Explorer
How It Works
Community
CoH3 Stats
Reddit
Sign in to upload your games and track your stats! →
Sign in with Steam
Match 39924715
Unlisted
Match 39924715
Overview
Messages
Build Orders
End
Kettenkrad Recon Vehicle
Construct Infanterie Kompanie
MG 42 Machine Gun Team
GrW 34 Mortar Team
Grenadier Squad
Construct Panzergrenadier Kompanie
251 Medium Carrier
Panzergrenadier Squad
Selects Mechanized Battlegroup
Pak 40 Anti-tank Gun Team
Selects Mobile Repair Stations
Panzergrenadier Officer Quarters
Selects Wespe Self-propelled Artillery
Selects Raid Package
Pak 40 Anti-tank Gun Team
Selects StuG Assault Group
StuG Assault Group
Construct Panzer Kompanie
Selects UNKNOWN (2160084)
Selects Stoßtruppen Assault Package
Selects Mechanized Assault
Panther Heavy Tank
Medical Station
Side Skirts
Panzer Officer Quarters
Grenadier Squad
Panther Heavy Tank
魔鬼筋肉人
Cyber Strategic Hans Landa BOB
Lemme smash
MagnusT
Gravey
tapaslonso
0
0
Comments
sign in to comment!
No comments posted yet!